 Seeded DCSS version 0.32-a0-365-gbaf8858 (webtiles) character file.

Game seed: 8831602498682816792 (custom seed)

4406 edsrzf the Toxicologist (level 10, 0/60 HPs)
             Began as an Octopode Alchemist on Feb 18, 2024.
             Was an Initiate of Vehumet.
             Succumbed to a kobold brigand's poison
             ... on level 10 of the Dungeon.
             The game lasted 00:24:39 (10272 turns).

edsrzf the Toxicologist (Octopode Alchemist)       Turns: 10272, Time: 00:24:39

Health: 0/60       AC:  1    Str:  8    XL:     10   Next: 35%
Magic:  6/16       EV: 13    Int: 27    God:    Vehumet [......]
Gold:   536        SH:  0    Dex: 13    Spells: 5/17 levels left

rFire   + . .        a - +2 short sword (venom)
rCold   + . .        (no shield)
rNeg    . . .        t - +0 hat
rPois   +            (no amulet)
rElec   +            B - +6 ring of intelligence
rCorr   +            (no ring)
SInv    .            (no ring)
Will    .....        (no ring)
Stlth   +++          (no ring)
HPRegen 0.30/turn    (no ring)
MPRegen 0.15/turn    (no ring)
                     (no ring)

%: no passive effects
@: lethally poisoned (0 -> -3), resistant, studying Translocations
A: almost no armour, amphibious, 8 rings, camouflage 1, gelatinous body 1,
(nimble swimmer 1), tentacles
a: Renounce Religion


You were on level 10 of the Dungeon.
You worshipped Vehumet.
Vehumet was noncommittal.
You visited 2 branches of the dungeon, and saw 11 of its levels.

You collected 576 gold pieces.
You spent 40 gold pieces at shops.

Inventory:

Hand Weapons
 a - a +2 short sword of venom (weapon)
 b - a +0 dagger of electrocution
 v - a +1 scimitar
Missiles
 p - 23 poisoned darts
Armour
 t - a +0 hat (worn)
Magical Staves
 q - a staff of alchemy
Jewellery
 B - a +6 ring of intelligence (left tentacle)
Wands
 i - a wand of quicksilver (12)
 w - a wand of digging (5)
Scrolls
 c - a scroll of butterflies {unknown}
 d - 2 scrolls of fear {unknown}
 e - 3 scrolls of enchant armour {unknown}
 g - a scroll of brand weapon {unknown}
 j - 3 scrolls of blinking {unknown}
 k - a scroll of amnesia {unknown}
 m - 3 scrolls of teleportation {@r3}
 o - 2 scrolls of fog
 r - a scroll of enchant weapon {unknown}
 u - a scroll of identify {@r1}
 y - a scroll of noise {unknown}
 z - a scroll of poison {unknown}
Potions
 f - 2 potions of mutation {!q}
 h - 2 potions of enlightenment
 l - 2 potions of attraction
 n - a potion of haste
 s - a potion of brilliance
 x - a potion of cancellation
 A - a potion of magic


   Skills:
 + Level 1.8 Fighting
 - Level 3.2(3.4) Short Blades
 - Level 1.9(2.8) Long Blades
 - Level 2.0 Dodging
 - Level 2.6 Stealth
 - Level 4.0 Spellcasting
 - Level 5.2 Conjurations
 - Level 4.3 Hexes
 - Level 6.0 Fire Magic
 - Level 4.6 Air Magic
 - Level 10.0 Alchemy


You had 5 spell levels left.
You knew the following spells:

 Your Spells              Type           Power      Damage    Failure   Level
a - Mercury Vapours       Alch/Air       88%        N/A       1%          2
b - Jinxbite              Hex            56%        N/A       1%          2
t - Sticky Flame          Fire/Alch      48%        2d9       3%          4
x - Sting                 Conj/Alch      100%       1d9       1%          1
C - Mephitic Cloud        Conj/Alch/Air  41%        N/A       1%          3

Your spell library contained the following spells:

 Spells                   Type           Power      Damage    Failure   Level
 Olgreb's Toxic Radiance  Alch           56%        N/A       1%          4
 Yara's Violent Unravell  Hex/Alch       22%        3d10      12%         5
 Fugue of the Fallen      Necr           5%         N/A       24%         3
 Gell's Gravitas          Tloc           5%         N/A       24%         3
 Ozocubu's Armour         Ice            5%         N/A       24%         3
 Summon Ice Beast         Ice/Summ       5%         N/A       24%         3
 Teleport Other           Tloc           5%         N/A       24%         3
 Manifold Assault         Tloc           5%         N/A       61%         4
 Summon Mana Viper        Hex/Summ       17%        N/A       67%         5
 Dispersal                Tloc           2%         N/A       100%        6
 Enfeeble                 Hex            14%        N/A       100%        7
 Monstrous Menagerie      Summ           2%         N/A       100%        7


Dungeon Overview and Level Annotations

Branches:
Dungeon (10/15)            Temple (1/1) D:4
   Lair: D:8-11         Orc: D:9-12

Altars:
Ashenzari
Dithmenos
Elyvilon
Gozag
Kikubaaqudgha
Makhleb
Nemelex Xobeh
Okawaru
Qazlal
Ru
Sif Muna
Uskayaw
Vehumet
Xom
Yredelemnul
Zin
The Shining One

Shops:
D:4 [?*

Annotations:
D:6 1 runed translucent door, brinewave's ghost, novice DrBr
D:8 exclusions: cyclops, slime creature and 2 yaks


Innate Abilities, Weirdness & Mutations

You cannot wear most types of armour.
You are amphibious.
You can wear up to eight rings at the same time.
Your skin changes colour to match your surroundings (Stealth+).
Your rubbery body absorbs attacks. (AC +1, EV +1)
((You are camouflaged when in or above water. (Stealth+)))
You have tentacles for arms and can constrict up to eight enemies at once.


Message History

Okay, then.
Okay, then.
Okay, then.
You hit the kobold brigand but do no damage.
You grab the kobold brigand.
The kobold brigand is moderately wounded.
You constrict the kobold brigand.
You feel very sick.
The kobold brigand hits you with a +0 short sword of venom!
You are lethally poisoned!
Okay, then.
Okay, then.
Casting: Sting (safe; 1% risk of failure)
Confirm with . or Enter, or press ? or * to list all spells.
Aiming: Mephitic Cloud (safe; 1% risk of failure)
Press: ? - help, Shift-Dir - straight line, f - kobold brigand
Aim: a kobold brigand, wielding a +0 short sword of venom and quivering poisoned darts (heavily wounded, constricted by you, chance to affect: 77%)
The ball explodes into a vile cloud!
The stinking cloud engulfs the kobold brigand.
The kobold brigand is heavily wounded.
The stinking cloud engulfs you.
The stinking cloud engulfs the gnoll sergeant.
You constrict the kobold brigand.
You feel very sick.
The gnoll sergeant is engulfed in noxious fumes.
The gnoll sergeant appears confused.
The kobold brigand is engulfed in noxious fumes.
The kobold brigand appears confused.
The kobold brigand barely misses you.
It was a potion of cancellation.
You feel magically purged.
You constrict the kobold brigand.
* * * LOW HITPOINT WARNING * * *
You feel very sick.
The kobold brigand is engulfed in noxious fumes.
The kobold brigand appears confused.
The kobold brigand mumbles something.
The kobold brigand struggles to escape constriction.
It was a potion of resistance.
You feel protected.
You constrict the kobold brigand.
* * * LOW HITPOINT WARNING * * *
You feel very sick.
The kobold brigand is engulfed in noxious fumes.
The kobold brigand appears confused.
The kobold brigand chortles and stares into space.
The kobold brigand struggles to escape constriction.
Your +0 dagger of electrocution stops crackling.
q - a staff of alchemy (weapon)
You constrict the kobold brigand, but do no damage.
* * * LOW HITPOINT WARNING * * *
You feel sick.
Unknown command.
Your +2 short sword of venom begins to drip with poison!
a - a +2 short sword of venom (weapon)
You constrict the kobold brigand.
* * * LOW HITPOINT WARNING * * *
You feel sick.
The kobold brigand is engulfed in noxious fumes.
The kobold brigand appears confused.
The kobold brigand laughs crazily.
The kobold brigand misses you.
You hit the kobold brigand.
The kobold brigand is almost dead.
You constrict the kobold brigand, but do no damage.
* * * LOW HITPOINT WARNING * * *
You feel sick.
You hit the kobold brigand.
You kill the kobold brigand!
Vehumet accepts your kill.
* * * LOW HITPOINT WARNING * * *
You feel sick.
Aiming: Quicksilver Bolt
Press: ? - help, Shift-Dir - straight line, f - gnoll sergeant
Aim: a gnoll sergeant, wielding a +7 heavy trident, wearing a +0 scale mail and wearing a +0 kite shield (noxious fumes, confused, 98% to hit)
Okay, then.
Casting: Mephitic Cloud (safe; 1% risk of failure)
Confirm with . or Enter, or press ? or * to list all spells.
Okay, then.
Casting: Mephitic Cloud (safe; 1% risk of failure)
Confirm with . or Enter, or press ? or * to list all spells.
Okay, then.
Unknown command.
Aiming: Quicksilver Bolt
Press: ? - help, Shift-Dir - straight line, f - gnoll sergeant
Aim: a gnoll sergeant, wielding a +7 heavy trident, wearing a +0 scale mail and wearing a +0 kite shield (noxious fumes, confused, 98% to hit)
The bolt of dispelling energy hits the gnoll sergeant!
The gnoll sergeant is moderately wounded.
The gnoll sergeant's magical effects unravel!
* * * LOW HITPOINT WARNING * * *
You feel sick.
The gnoll sergeant is engulfed in noxious fumes.
The gnoll sergeant appears confused.
* * * LOW HITPOINT WARNING * * *
You feel sick.
Aiming: Quicksilver Bolt
Press: ? - help, Shift-Dir - straight line, f/p - gnoll sergeant
Aim: a gnoll sergeant, wielding a +7 heavy trident, wearing a +0 scale mail and wearing a +0 kite shield (noxious fumes, moderately wounded, confused, 98% to hit)
The bolt of dispelling energy hits the gnoll sergeant!
The gnoll sergeant is almost dead.
The gnoll sergeant's magical effects unravel!
You die...

##...# #. #....+
#.. #....#### #.#
##[.......
#..######.........
#K)#....)#.......
#.....)##.......
####g..).# .......
#.@ยง...>.#
g...... ##########
.g..... g......


You could see a gnoll sergeant.

Vanquished Creatures
  A two-headed ogre (D:6)
  2 steam dragons
  A yak (D:8)
  Edmund (D:5)
  A water moccasin (D:5)
  4 black bears
  4 orc warriors
  4 sky beasts
  2 ice beasts
  A centaur (D:6)
  2 kobold brigands
  A scorpion (D:4)
  9 wights (D:7)
  3 jellies
  2 bombardier beetles
  A gnoll bouda (D:4)
  5 hounds
  Jessica (D:2)
  4 sleepcaps
  An iguana (D:6)
  10 orc wizards
  Robin (D:2)
  6 gnolls
  7 adders
  2 shadow imps
  A white imp (D:7)
  2 ufetubi (D:5)
  3 ribbon worms
  2 dart slugs (D:3)
  23 orcs
  5 ball pythons
  5 endoplasms
  7 giant cockroaches
  23 goblins
  8 hobgoblins
  A quokka (D:4)
  4 bats
  5 frilled lizards
  20 kobolds
  4 rats
189 creatures vanquished.

Notes
Turn   | Place    | Note
-------+----------+-------------------------------------------
     0 | D:1      | edsrzf the Octopode Alchemist began the quest for the Orb.
     0 | D:1      | Reached XP level 1. HP: 11/11 MP: 3/3
   221 | D:1      | Reached skill level 2 in Conjurations
   221 | D:1      | Reached XP level 2. HP: 17/17 MP: 3/5
   639 | D:1      | Reached XP level 3. HP: 21/21 MP: 4/6
   716 | D:1      | Reached skill level 3 in Conjurations
  1155 | D:2      | Noticed Robin
  1245 | D:2      | Reached XP level 4. HP: 27/27 MP: 2/7
  1356 | D:2      | Reached skill level 4 in Alchemy
  1409 | D:2      | Found a faded altar of an unknown god.
  1601 | D:2      | Killed Robin
  1602 | D:2      | Reached XP level 5. HP: 31/31 MP: 4/8
  1697 | D:2      | Noticed Jessica
  1702 | D:2      | Killed Jessica
  1703 | D:2      | Reached skill level 4 in Conjurations
  1998 | D:2      | Found a white marble altar of Elyvilon.
  2229 | D:3      | Learned a level 3 spell: Mephitic Cloud
  2232 | D:3      | Learned a level 2 spell: Mercury Vapours
  2296 | D:3      | Noticed a black bear
  2307 | D:3      | Found a stormy altar of Qazlal.
  2573 | D:3      | Reached skill level 3 in Spellcasting
  2924 | D:3      | Reached XP level 6. HP: 21/36 MP: 4/10
  2983 | D:3      | Found the +1 Delatra's gloves {ID++}
  3136 | D:3      | Identified 4 scrolls of identify
  3136 | D:3      | Identified a potion of heal wounds
  3137 | D:3      | Identified 2 potions of degeneration
  3138 | D:3      | Identified 2 potions of enlightenment
  3139 | D:3      | Identified a potion of curing
  3483 | D:4      | Noticed a black bear
  3494 | D:4      | Killed a black bear
  3495 | D:4      | Reached skill level 5 in Conjurations
  3631 | D:4      | Found a sparkling altar of Nemelex Xobeh.
  3686 | D:4      | Identified the +1 scale mail of Jigsaw {Int+5 Slay+2}
  3780 | D:4      | Reached skill level 4 in Spellcasting
  3848 | D:4      | Reached XP level 7. HP: 42/42 MP: 13/13
  3853 | D:4      | Reached skill level 1 in Fighting
  3981 | D:4      | Found Guzeq's General Store.
  3982 | D:4      | Found Qucac's Magic Scroll Shoppe.
  3983 | D:4      | Found Leklan's Armour Shoppe.
  3997 | D:4      | Bought a scroll of fog for 40 gold pieces
  4038 | D:4      | Found a burning altar of Makhleb.
  4055 | D:4      | Reached skill level 1 in Air Magic
  4231 | D:3      | Reached skill level 5 in Alchemy
  4334 | D:4      | Found a staircase to the Ecumenical Temple.
  4408 | Temple   | Entered the Ecumenical Temple
  4470 | D:4      | Reached skill level 2 in Air Magic
  4479 | D:4      | HP: 2/43 [gnoll bouda/+0 whip (14)]
  4746 | D:4      | Identified a potion of mutation
  4921 | D:5      | Entered Level 5 of the Dungeon
  4929 | D:5      | Identified 2 potions of attraction
  5085 | D:5      | Learned a level 4 spell: Sticky Flame
  5097 | D:5      | Noticed Edmund
  5114 | D:5      | Reached skill level 3 in Air Magic
  5114 | D:5      | Reached XP level 8. HP: 48/48 MP: 10/14
  5129 | D:5      | Identified a potion of haste
  5258 | D:5      | Found a shimmering blue altar of Sif Muna.
  5311 | D:5      | Reached skill level 6 in Alchemy
  5435 | D:5      | Identified a potion of brilliance
  5660 | D:5      | Found a radiant altar of Vehumet.
  5681 | D:5      | Found a shadowy altar of Dithmenos.
  5999 | D:6      | Reached skill level 4 in Air Magic
  6093 | D:6      | Reached skill level 7 in Alchemy
  6212 | D:6      | Found a hide-covered altar of Uskayaw.
  6452 | D:6      | Reached skill level 1 in Fire Magic
  6543 | D:6      | Reached skill level 2 in Fire Magic
  6556 | D:6      | Reached skill level 3 in Fire Magic
  6556 | D:6      | Reached XP level 9. HP: 25/53 MP: 8/15
  6659 | D:6      | Reached skill level 8 in Alchemy
  6842 | D:6      | Found a runed translucent door.
  6848 | D:6      | Noticed brinewave's ghost (novice DrBr)
  7060 | D:6      | Noticed a two-headed ogre
  7079 | D:6      | Killed a two-headed ogre
  7080 | D:6      | Reached skill level 5 in Fire Magic
  7080 | D:6      | Reached skill level 9 in Alchemy
  7684 | D:7      | Learned a level 2 spell: Jinxbite
  7795 | D:7      | Identified 4 scrolls of teleportation
  8130 | D:7      | Reached skill level 6 in Fire Magic
  8195 | D:7      | Reached skill level 1 in Hexes
  8270 | D:7      | Reached skill level 10 in Alchemy
  8386 | D:7      | Reached skill level 1 in Short Blades
  8387 | D:7      | Reached skill level 2 in Hexes
  8387 | D:7      | Reached XP level 10. HP: 55/58 MP: 3/16
  8397 | D:7      | Reached skill level 2 in Short Blades
  8696 | D:7      | Reached skill level 3 in Hexes
  9395 | D:8      | Found an opulent altar of Gozag.
  9510 | D:5      | Became a worshipper of Vehumet
  9539 | D:5      | Killed Edmund
  9540 | D:5      | Reached skill level 3 in Short Blades
  9793 | D:8      | Noticed a cyclops
  9845 | D:8      | Reached skill level 1 in Long Blades
 10056 | D:8      | Reached skill level 4 in Hexes
 10234 | D:9      | You fall into a shaft and drop 1 floor!
 10234 | D:10     | Entered Level 10 of the Dungeon
 10264 | D:10     | Identified 2 potions of cancellation
 10265 | D:10     | Identified a potion of resistance
 10270 | D:10     | HP: 2/60 [poisoned by a kobold brigand]
 10272 | D:10     | Succumbed to a kobold brigand's poison

Illustrated notes

Levels and vault maps discovered:
D:1:      eino_arrival_cavern_b, layout_loops_cross
D:2:      cheibrodos_greedy_goblins, layout_basic, basic_ecumenical_altar,
          basic_altar, uniq_robin, uniq_jessica
D:3:      layout_loops_ring, mainiacjoe_overflow_24_doors,
          pf_guarded_unrand_delatra
D:4:      minmay_chambers_of_twos, layout_basic, bloody_makhleb,
          kennysheep_mini_moat, minmay_temple_entry_enclosed_plants,
          nicolae_shop_distant_corner_stores
D:5:      layout_basic, led_sif_pool, mainiacjoe_overflow_tiny_flanked,
          mainiacjoe_overflow_paths, dreamdust_princess_bridge, uniq_edmund
D:6:      layout_loops_ring, lemuel_crystal_altar,
          ebering_ghost_reflecting_pool, supply_closet_lemuel, st_stairs_4,
          minmay_manual_monstrance
D:7:      layout_basic
D:8:      minmay_curly_fans, layout_basic, grunt_gozag_statues, minitemple,
          bh_circular_ruins
D:9:      layout_loops_cross, mainiacjoe_overflow_chevrons
D:10:     cheibrodos_shockbox, layout_basic, lemuel_crystal_altar,
          trog_hazing_becter, kennysheep_generic_room_2, uniq_joseph, uniq_erica
Temple:   kb_temple_of_zot

Skill      XL: |  1  2  3  4  5  6  7  8  9 10 |
---------------+-------------------------------+-----
Conjurations   | 2 3 4 5 |  5.2
Alchemy        | 4 5 7 10 | 10.0
Spellcasting   | 3 4 |  4.0
Fighting       | 1 |  1.8
Air Magic      | 3 4 |  4.6
Fire Magic     | 3 6 |  6.0
Hexes          | 2 4 |  4.3
Short Blades   | 1 3 |  3.2
Long Blades    | 1 |  1.9
Dodging        | |  2.0
Stealth        | |  2.6

Action                     |  1- 3 |  4- 6 |  7- 9 | 10-12 || total
---------------------------+-------+-------+-------+-------++-------
  Melee: Short sword       |    16 |    62 |   175 |    15 ||   268
         Tentacles         |     4 |    11 |    62 |    20 ||    97
         Constrict         |     2 |    15 |    36 |    15 ||    68
         Dagger            |       |       |    21 |    59 ||    80
   Cast: Sting             |    43 |    78 |    64 |    29 ||   214
         Mephitic Cloud    |       |     1 |    17 |     4 ||    22
         Mercury Vapours   |       |       |     1 |       ||     1
         Jinxbite          |       |       |     3 |     4 ||     7
  Evoke: Wand              |       |       |       |     5 ||     5
    Use: Scroll            |       |     4 |     5 |       ||     9
         Potion            |       |       |     7 |     2 ||     9
   Stab: Sleeping          |     1 |     2 |     9 |     1 ||    13
         Confused          |       |       |     3 |       ||     3
 Armour: Skin              |     8 |    22 |    99 |    27 ||   156
  Dodge: Dodged            |    12 |    38 |    90 |    44 ||   184

Table legend: (Time is in decaauts)
 A = Elapsed time spent in this place.
 B = Non-inter-level travel time spent in this place.
 C = Inter-level travel time spent in this place.
 D = Time resting spent in this place.
 E = Time spent auto-exploring this place.
 F = Levels seen in this place.
 G = Mean time per level.
                   A        B        C        D        E       F      G
               +--------+--------+--------+--------+--------+-----+--------+
         Total |  10259 |   9666 |    593 |   2238 |   5767 |  11 |  932.6 |
       Dungeon |  10245 |   9660 |    585 |   2238 |   5767 |  10 | 1024.5 |
        Temple |     13 |      6 |      7 |      0 |      0 |   1 |   13.0 |
               +--------+--------+--------+--------+--------+-----+--------+

Top non-repeatable levels by time:
     D:7: 2009 daAuts
     D:4: 1594 daAuts
     D:6: 1575 daAuts
     D:3: 1231 daAuts
     D:5: 1227 daAuts
     D:2: 1191 daAuts
     D:1: 889 daAuts
     D:8: 321 daAuts
     D:9: 168 daAuts
    D:10: 35 daAuts
  Temple: 13 daAuts
